 Dungeon Crawl Stone Soup version 0.29.1-2-gbd0b4ee654 (webtiles) character file.

Game seed: 13468251595966970667

479 Godmorgon the Cudgeller (level 7, -5/55 (56) HPs)
             Began as a Formicid Abyssal Knight on Oct 24, 2022.
             Was an Elder of Lugonu.
             Slain by a wraith (13 damage)
             ... in an ossuary.
             The game lasted 00:21:47 (3020 turns).

Godmorgon the Cudgeller (Formicid Abyssal Knight)   Turns: 3020, Time: 00:21:48

HP:   -5/55 (56)    AC:  3    Str: 20    XL:     7   Next: 33%
MP:   10/10         EV: 11    Int:  9    God:    Lugonu [****..]
Gold: 119           SH:  0    Dex: 14    Spells: 6/6 levels left

rFire   . . .      SeeInvis +   a - +1 mace
rCold   . . .      Faith    .   (no shield)
rNeg    . . .      Spirit   .   b - +0 leather armour
rPois   .          Reflect  .   (helmet unavailable)
rElec   .          Harm     .   (no cloak)
rCorr   .          Rampage  .   (no gloves)
Will    .....                   (no boots)
Stlth   +.........              l - amulet of regeneration
HPRegen 0.98/turn               z - ring of flight
MPRegen 0.12/turn               (no ring)

@: mighty, flying, lightly drained
A: permanent stasis, dig shafts and tunnels, antennae 3, four strong arms
a: Dig, Renounce Religion, Depart the Abyss, Bend Space, Banish, Corrupt


You were in an ossuary.
You worshipped Lugonu.
Lugonu was greatly pleased with you.
You visited 1 branch of the dungeon, and saw 5 of its levels.
You visited the Abyss 1 time.
You also visited: Ossuary.

You collected 119 gold pieces.

Inventory:

Hand Weapons
 a - a +1 mace (weapon)
 A - a +2 whip of flaming
Missiles
 j - 10 poisoned darts
 y - 2 boomerangs
Armour
 b - a +0 leather armour (worn)
Jewellery
 l - an amulet of regeneration (around neck)
 m - an amulet of the acrobat
 v - an amulet of magic regeneration
 z - a ring of flight (left hand)
Wands
 w - a wand of flame (46)
 x - a wand of iceblast (2) (quivered)
 F - a wand of mindburst (7)
Scrolls
 d - a scroll of amnesia {unknown}
 f - a scroll of acquirement {unknown}
 h - 2 scrolls of enchant armour {unknown}
 k - 2 scrolls of teleportation {unknown}
 n - 3 scrolls of identify {unknown}
 p - a scroll of fog {unknown}
 q - a scroll of immolation {unknown}
 s - 2 scrolls of torment {unknown}
 t - a scroll of silence {unknown}
 u - a scroll of blinking {unknown}
 B - a scroll of magic mapping {unknown}
 C - a scroll of enchant weapon {unknown}
 H - a scroll of fear {unknown}
 I - a scroll of vulnerability {unknown}
Potions
 c - 2 potions of degeneration {unknown}
 e - 2 potions of curing {unknown}
 g - 2 potions of brilliance {unknown}
 i - a potion of flight {unknown}
 o - 3 potions of heal wounds {unknown}
 r - 2 potions of haste {unknown}
 D - a potion of mutation {unknown}
 E - a potion of cancellation {unknown}


   Skills:
 + Level 5.1 Fighting
 * Level 5.5 Maces & Flails
 - Level 2.1 Armour
 - Level 0.8 Dodging
 + Level 4.7 Invocations


You had 6 spell levels left.
You didn't know any spells.
Your spell library was empty.

Dungeon Overview and Level Annotations

Branches:
Dungeon (5/15)            Ossuary (1/1)
 Temple: D:4-7

Altars:
Qazlal
Xom

Annotations:
D:2 Sigmund
D:3 exclusion: door, Grinder


Innate Abilities, Weirdness & Mutations

You cannot be hasted, slowed, berserked, paralysed or teleported.
You can dig through walls and to a lower floor.
You have a pair of large antennae on your head. (SInv)
Your four strong arms can wield two-handed weapons with a shield.


Message History

You hit the wraith but do no damage.
The wraith is lightly damaged.
The wraith closely misses you.
You barely miss the wraith.
The wraith is lightly damaged.
The wraith closely misses you.
You hit the wraith but do no damage.
The wraith is lightly damaged.
The wraith hits you. The wraith barely misses you.
You barely miss the wraith.
The wraith is lightly damaged.
The wraith barely misses you.
Okay, then.
You feel very mighty all of a sudden. The wraith hits you.
You hit the wraith.
The wraith is lightly damaged.
The wraith closely misses you.
You hit the wraith.
The wraith is moderately damaged.
The wraith barely misses you.
You barely miss the wraith.
The wraith is moderately damaged.
The wraith hits you!
You barely miss the wraith.
The wraith is moderately damaged.
The wraith barely misses you.
You sock the wraith!
The wraith is heavily damaged.
The wraith hits you!
You closely miss the wraith.
The wraith is heavily damaged.
The wraith closely misses you. The wraith hits you!
* * * LOW HITPOINT WARNING * * *
The wraith drains your vigour!
Your stasis prevents you from being slowed.
You hit the wraith.
The wraith is heavily damaged.
The wraith hits you!
You die...

#...............# #W
#.......###.###▓
{#.......#z#.'...
#.###.......###.###▓
#...............# #z
#.###..###..###.# ##
#.# #..#z#..#{#.#
#.W##..###..# +.#
#..@............#
#################


You could see a wraith and a flying skull.

Vanquished Creatures
  An ogre (D:5)
  A necrophage (D:5)
  A scorpion (D:5)
  A wight (Ossuary)
  An orc priest (D:5)
  An iguana (D:5)
  An orc wizard (D:5)
  Robin (D:3)
  3 adders
  3 adder zombies (Ossuary)
  2 dart slugs (D:2)
  7 orcs
  5 ball pythons
  4 endoplasms
  3 giant cockroaches
  14 goblins
  8 hobgoblins
  2 jackals (D:1)
  6 quokkas
  4 bats
  3 frilled lizards (D:1)
  A hobgoblin skeleton (Ossuary)
  7 kobolds
  3 orc skeletons (Ossuary)
  An orc zombie (Ossuary)
  7 rats
91 creatures vanquished.

Vanquished Creatures (others)
  2 plants (D:5)
2 creatures vanquished.

Grand Total: 93 creatures vanquished

Notes
Turn   | Place    | Note
-------+----------+-------------------------------------------
     0 | Abyss:1  | Godmorgon the Formicid Abyssal Knight began the quest for
                  | the Orb.
     0 | Abyss:1  | Reached XP level 1. HP: 18/18 MP: 2/2
     1 | D:1      | Escaped the Abyss
   220 | D:1      | Reached XP level 2. HP: 14/24 MP: 3/3
   441 | D:1      | Found a faded altar of an unknown god.
   634 | D:1      | Reached *** piety under Lugonu
   635 | D:1      | Reached XP level 3. HP: 29/29 MP: 4/4
  1509 | D:2      | Reached XP level 4. HP: 37/37 MP: 6/6
  1578 | D:2      | Noticed Sigmund
  1714 | D:3      | Found a shimmering altar of Xom.
  1845 | D:3      | Noticed Robin
  1863 | D:3      | Killed Robin
  1907 | D:3      | Reached **** piety under Lugonu
  1908 | D:3      | Reached XP level 5. HP: 39/42 MP: 7/7
  2085 | D:3      | Noticed Grinder
  2280 | D:4      | Noticed an ice beast
  2317 | D:4      | Noticed an ogre
  2401 | D:4      | You fall into a shaft and drop 1 floor!
  2401 | D:5      | Entered Level 5 of the Dungeon
  2534 | D:5      | Reached XP level 6. HP: 37/49 MP: 7/9
  2596 | D:5      | Found a stormy altar of Qazlal.
  2613 | D:5      | Noticed an ogre
  2620 | D:5      | Killed an ogre
  2621 | D:5      | Reached skill level 5 in Maces & Flails
  2621 | D:5      | Reached XP level 7. HP: 55/55 MP: 10/10
  2802 | D:5      | Found a sand-covered staircase.
  2807 | Ossuary  | Entered an ossuary
  2858 | Ossuary  | Reached skill level 5 in Fighting
  2961 | Ossuary  | Noticed a wraith
  2961 | Ossuary  | Noticed a flying skull
  2974 | Ossuary  | Noticed a flying skull
  2974 | Ossuary  | Noticed a flying skull
  3006 | Ossuary  | Noticed a wraith
  3020 | Ossuary  | Slain by a wraith

Illustrated notes

Levels and vault maps discovered:
D:1:      dpeg_arrival_line_fractal, layout_rooms,
          shapermc_ecumenical_altar_ellora, patterned_corridor
D:2:      layout_basic, uniq_sigmund
D:3:      layout_loops_corners, xom_teletrap_fun, uniq_robin, uniq_grinder
D:4:      layout_loops_corners, minmay_fractal_squares_5
D:5:      corexii_shack_village, layout_loops_cross, kennysheep_little_box,
          enter_ossuary_2
Ossuary:  ossuary_due_cavern

Skill      XL: |  1  2  3  4  5  6  7 |
---------------+----------------------+-----
Maces & Flails | 3 4 5 |  5.5
Invocations    | 3 4 |  4.7
Fighting       | 4 5 |  5.1
Armour         | |  2.1
Dodging        | |  0.8

Action                   |  1- 3 |  4- 6 |  7- 9 || total
-------------------------+-------+-------+-------++-------
Melee: Mace              |    87 |   104 |    73 ||   264
       Punch             |     1 |       |     1 ||     2
Throw: Dart              |       |     4 |       ||     4
Evoke: Wand              |       |     2 |       ||     2
  Use: Potion            |       |       |     1 ||     1
 Stab: Sleeping          |     2 |       |     1 ||     3
Armor: Leather armour    |    16 |    17 |    14 ||    47
Dodge: Dodged            |    48 |    49 |    36 ||   133
